AoeStats
← LM | TornardoBriese

Arabia

505444092Analyzed
1v1 RM · 22d ago on Sep 9, 2026· 37m 50s· 2 players
Game mode
Random Map
Map size
Tiny (2 player)
Population
200
Speed
Normal
Resources
Standard
Victory
Conquest
Starting age
Dark Age
Ending age
Imperial Age
RankedLock teamsTeams togetherTeam positionsShared explorationLock speedFull tech treeHidden civsTurbo modeCheats
Victory
Defeat
🇨🇭 Teutons · Switzerland
1210
+19
🇬🇧 Vietnamese · United Kingdom
1273
-19
24601
7:10 Loom
9:32 Feudal Age
10:33 Double-Bit Axe
16:39 Horse Collar
19:53 Castle Age
20:33 Fletching
21:48 Padded Archer Armor
24:02 Bodkin Arrow
37:32 Squires
LM | TornardoBriese
6:44 Loom
9:15 Feudal Age
10:29 Man-at-Arms
13:24 Double-Bit Axe
15:51 Horse Collar
17:02 Fletching
20:12 Wheelbarrow
23:17 Castle Age
22:58 Bloodlines
22:54 Scale Barding Armor
22:50 Gold Mining
23:37 Forging
24:30 Bow Saw
24:45 Elite Skirmisher
25:27 Padded Archer Armor
27:49 Bodkin Arrow
29:00 Chain Barding Armor
33:57 Iron Casting
Connection lost

Rejoining the realm…

Still unreachable

The connection could not be restored.

Session expired

The server has moved on; the page needs a fresh start.